 Dungeon Sprint DCSS version 0.29-a0-857-g9b1aa3ac5b (webtiles) character file.

Game seed: 16140874535718792061

1862 manyhoops the Brawler (level 8, -2/97 HPs)
             Began as a Troll Berserker on July 17, 2022.
             Was a High Priest of Trog.
             Slain by a tentacle (21 damage)
             ... attached to a kraken
             ... in the Dungeon (Sprint II: "The Violet Keep of Menkaure").
             The game lasted 00:01:44 (238 turns).

manyhoops the Brawler (Troll Berserker)              Turns: 238, Time: 00:01:44

Health: -2/97      AC:  4    Str: 28    XL:     8   Next: 89%
Magic:  7/7        EV: 10    Int:  3    God:    Trog [*****.]
Gold:   106        SH:  0    Dex:  9    Spells: 7/7 levels left

rFire   + . .      SeeInvis .     - Unarmed
rCold   + . .      Faith    .   (no shield)
rNeg    . . .      Spirit   .   a - +0 animal skin
rPois   .          Reflect  .   (helmet restricted)
rElec   .          Harm     .   (no cloak)
rCorr   .          Rampage  .   (gloves unavailable)
Will    .....      NoTele   +   (boots unavailable)
Stlth   +.........              h - amulet of Polytheism {rF+ Regen+}
HPRegen 1.86/turn               d - ring of protection from cold
MPRegen 0.10/turn               (no ring)

@: unable to drink
A: large, unfitting armour, claws 3, regeneration 1, shaggy fur 1, tough skin 1,
inability to drink while threatened 2
a: Renounce Religion, Berserk, Trog's Hand, Brothers in Arms


You were in the Dungeon.
You worshipped Trog.
Trog was extremely pleased with you.
You visited 1 branch You collected 972 gold pieces.
You spent 866 gold pieces at shops.

Inventory:

Armour
 a - a +0 animal skin (worn)
Jewellery
 d - a ring of protection from cold (left claw)
 h - the amulet of Polytheism (around neck) {rF+ Regen+}
   (You bought it in a shop in the Dungeon)

   [amulet of regeneration]

   rF:        It protects you from fire.
   Regen:     It increases your rate of health regeneration.
Scrolls
 g - a scroll of blinking
Potions
 b - a potion of curing
 c - a potion of heal wounds
 e - 2 potions of magic
 f - a potion of berserk rage


   Skills:
 + Level 11.0 Fighting
 - Level 2.4 Dodging
 + Level 15.5 Unarmed Combat


You had 7 spell levels left.
You didn't know any spells.
Your spell library was empty.

Dungeon Overview and Level Annotations

Branches:
Dungeon (1/1)

Altars:
Cheibriados
Dithmenos
Elyvilon
Fedhas
Gozag
Hepliaklqana
Kikubaaqudgha
Makhleb
Nemelex Xobeh
Okawaru
Qazlal
Ru
Sif Muna
Trog
Uskayaw
Vehumet
Wu Jian
Xom
Yredelemnul
Zin
The Shining One
Jiyva
Lugonu

Shops:
D (*:*?[:=!=!(=[*

Annotations:
D exclusion: oklob plant


Innate Abilities, Weirdness & Mutations

You are too large for most types of armour.
You have claws for hands.
Your natural rate of healing is unusually fast.
You are covered in fur. (AC +1)
You have tough skin. (AC +1)
You sometimes lose the ability to drink potions when taking damage.


Message History

You feel sick.
You feel sick.
You feel sick.
You are no longer poisoned.
You feel the effects of Trog's Hand fading.
There is an open door here.
You enter the shallow water.
Moving in this stuff is going to be slow.
Tentacles burst out of the water! 2 tentacles come into view.
You open the door. The tentacle slaps you!!
You feel threatened and lose the ability to drink potions!
Found seven items.
Your skin stops crawling.
You feel less strong-willed. The tentacle barely misses you.
The tentacle slaps you but does no damage.
The tentacle barely misses you.
A tentacle segment comes into view.
There is an open door here.
Found six items.
The tentacle barely misses you.
You see here a +0 short sword.
You see here 8 gold pieces.
The tentacle misses you.
You see here a golden potion.
The tentacle barely misses you. The tentacle closely misses you.
You see here 5 stones.
Found the Orb of Zot.
You see here a book of Frost.
The tentacle slaps you!
You see here 7 gold pieces.
You see here a dark potion.
The tentacle slaps you.
You see here 7 gold pieces.
The tentacle closely misses you.
You see here a book of Frost.
The tentacle slaps you! The tentacle slaps you!!
* * * LOW HITPOINT WARNING * * *
You see here 5 stones.
The tentacle slaps you!!
You die...

▓▓ 0.. ▓▓▓▓▓▓▓▓▓
≈≈≈≈≈§≈§▓▓ ▓▓▓▓▓▓▓▓▓▓
$?())?!)▓▓ ▓!$!?!?$!▓▓
+.### }▓$!!(!$)$▓▓
.^.# #▓$)$!=(w@▓▓ #..#
#▓!$![!/$(▓▓ +..#
#▓!$$?│!)!▓▓ #..#
#▓)!(!│:?$▓▓
##..####▓[$$(?\))▓▓
###...##▓▓▓▓▓▓▓\▓▓▓▓+▓
..§≈≈≈≈≈≈≈≈†≈§§§──X≈≈▓
..≈#+########§###.≈w≈▓
..≈#.._.....#≈§≈##≈≈≈▓


You could see a kraken and a tentacle.

Vanquished Creatures
  A merfolk siren (D)
  3 neqoxecs (D)
  A vampire mosquito (D)
  Menkaure (D)
  5 water moccasins (D)
  4 necrophages (D)
  4 scorpions (D)
19 creatures vanquished.

Vanquished Creatures (others)
  11 tentacles (D)
11 creatures vanquished.

Grand Total: 30 creatures vanquished

Notes
Turn   | Place    | Note
-------+----------+-------------------------------------------
     0 | D        | manyhoops the Troll Berserker began the quest for the Orb.
     0 | D        | Reached XP level 1. HP: 22/22 MP: 0/0
     1 | D        | Noticed a necrophage
     1 | D        | Noticed a necrophage
     1 | D        | Noticed a necrophage
     1 | D        | Noticed a necrophage
     8 | D        | Killed a necrophage
     9 | D        | Reached skill level 6 in Unarmed Combat
     9 | D        | Reached XP level 2. HP: 33/33 MP: 1/1
     9 | D        | Reached XP level 3. HP: 41/41 MP: 2/2
    11 | D        | Killed a necrophage
    12 | D        | Reached skill level 7 in Unarmed Combat
    12 | D        | Reached XP level 4. HP: 52/52 MP: 3/3
    17 | D        | Killed a necrophage
    17 | D        | Reached ** piety under Trog
    18 | D        | Reached skill level 8 in Unarmed Combat
    18 | D        | Reached XP level 5. HP: 61/61 MP: 4/4
    23 | D        | Reached skill level 9 in Unarmed Combat
    50 | D        | Noticed a neqoxec
    54 | D        | Noticed a neqoxec
    54 | D        | Gained mutation: You occasionally lose the ability to drink
                  | potions when taking damage. [a neqoxec]
    57 | D        | Gained mutation: You sometimes lose the ability to drink
                  | potions when taking damage. [a neqoxec]
    59 | D        | Killed a neqoxec
    60 | D        | Reached skill level 10 in Unarmed Combat
    60 | D        | Reached XP level 6. HP: 62/74 MP: 5/5
    65 | D        | Killed a neqoxec
    66 | D        | Reached skill level 11 in Unarmed Combat
    67 | D        | Noticed a neqoxec
    67 | D        | Noticed Menkaure
    67 | D        | Noticed a water moccasin
    74 | D        | Killed a water moccasin
    74 | D        | Reached *** piety under Trog
    75 | D        | Reached XP level 7. HP: 37/83 MP: 6/6
    80 | D        | Killed Menkaure
    81 | D        | Reached skill level 12 in Unarmed Combat
    85 | D        | Killed a neqoxec
   100 | D        | Noticed a merfolk siren
   106 | D        | Killed a merfolk siren
   106 | D        | Reached **** piety under Trog
   107 | D        | Reached skill level 10 in Fighting
   107 | D        | Reached skill level 13 in Unarmed Combat
   107 | D        | Reached XP level 8. HP: 66/93 MP: 7/7
   121 | D        | Reached skill level 14 in Unarmed Combat
   130 | D        | Found Tealomee's General Store.
   131 | D        | Found Fodoon's Antique Armour Boutique.
   131 | D        | Found Xegoemueg's Distillery.
   131 | D        | Found Doizxid's Antique Weapon Shop.
   131 | D        | Found Voam Ise's Distillery.
   131 | D        | Found Byston's Jewellery Boutique.
   131 | D        | Found Dapp's Book Shop.
   131 | D        | Found Kacu's Jewellery Shop.
   132 | D        | Found Ukaennei's Jewellery Boutique.
   132 | D        | Found Xeheuhot's Antique Armour Shop.
   132 | D        | Found Kudod's Magic Scroll Boutique.
   132 | D        | Noticed a polar bear
   134 | D        | Found Jaechuz's Assorted Antiques.
   134 | D        | Noticed a polar bear
   134 | D        | Noticed an oklob plant
   134 | D        | Noticed a cane toad
   135 | D        | Noticed a cane toad
   138 | D        | Reached ***** piety under Trog
   141 | D        | Found Ciewk's General Store.
   141 | D        | Found Vyutraj's Weapon Boutique.
   141 | D        | Found Dihoo's Book Shoppe.
   142 | D        | Bought a ring of protection from cold for 250 gold pieces
   143 | D        | Bought the amulet of Polytheism {rF+ Regen+} for 616 gold
                  | pieces
   180 | D        | Found a stormy altar of Qazlal.
   180 | D        | Found an ornate altar of the Wu Jian Council.
   181 | D        | Found a hazy altar of Hepliaklqana.
   181 | D        | Found a sacrificial altar of Ru.
   181 | D        | Found a shimmering altar of Xom.
   181 | D        | Found a glowing golden altar of the Shining One.
   182 | D        | Found a viscous altar of Jiyva.
   182 | D        | Found a shimmering blue altar of Sif Muna.
   182 | D        | Found a basalt altar of Yredelemnul.
   183 | D        | Found a snail-covered altar of Cheibriados.
   183 | D        | Found an ancient bone altar of Kikubaaqudgha.
   183 | D        | Found a bloodstained altar of Trog.
   183 | D        | Found a glowing silver altar of Zin.
   184 | D        | Found a shadowy altar of Dithmenos.
   184 | D        | Found a corrupted altar of Lugonu.
   184 | D        | Found a hide-covered altar of Uskayaw.
   187 | D        | Found a white marble altar of Elyvilon.
   187 | D        | Found a burning altar of Makhleb.
   188 | D        | Found a blossoming altar of Fedhas.
   189 | D        | Found an opulent altar of Gozag.
   197 | D        | Noticed a kraken
   209 | D        | Reached skill level 15 in Unarmed Combat
   215 | D        | Found a sparkling altar of Nemelex Xobeh.
   216 | D        | Found an iron altar of Okawaru.
   216 | D        | Found a radiant altar of Vehumet.
   238 | D        | Slain by a tentacle

Illustrated notes

Levels and vault maps discovered:
D:        the_violet_keep_of_menkaure [sprint2_stairs_cluster_1,
          sprint2_shoproom, sprint2_temple, sprint2_basic_supplies,
          sprint2_obstacle_2, sprint2_obstacle_7, sprint2_obstacle_4,
          sprint2_obstacle_3, sprint2_obstacle_1, sprint2_timed_cluster_1,
          sprint2_smallroom_cluster_1, sprint2_smallroom_final_cluster_1,
          sprint2_transparent_cluster_1, sprint2_second_timed_cluster_1,
          sprint2_sniper_area_1, sprint2_heavy_combat_area_1,
          sprint2_mutation_trap_area_1, sprint2_forest_area_1,
          sprint2_light_combat_area_1, sprint2_behind_water_1,
          sprint2_near_end_vault_1]

Skill      XL: |  1  2  3  4  5  6  7  8 |
---------------+-------------------------+-----
Fighting       | 4 6 8 9 10 11 | 11.0
Unarmed Combat | 6 7 8 10 11 13 15 | 15.5
Dodging        | |  2.4

Action                   |  1- 3 |  4- 6 |  7- 9 || total
-------------------------+-------+-------+-------++-------
Melee: Unarmed           |     8 |    26 |    37 ||    71
       Punch             |       |     2 |     2 ||     4
Invok: Berserk           |     1 |       |       ||     1
       Trog's Hand       |       |       |     2 ||     2
  Use: Potion            |       |     1 |       ||     1
Armor: Animal skin       |     1 |       |     3 ||     4
Dodge: Dodged            |     1 |     7 |    27 ||    35

Table legend: (Time is in decaauts)
 A = Elapsed time spent in this place.
 B = Non-inter-level travel time spent in this place.
 C = Inter-level travel time spent in this place.
 D = Time resting spent in this place.
 E = Time spent auto-exploring this place.
 F = Levels seen in this place.
 G = Mean time per level.
                   A        B        C        D        E       F      G
               +--------+--------+--------+--------+--------+-----+--------+
         Total |    229 |    229 |      0 |      0 |      0 |   1 |  229.0 |
       Dungeon |    229 |    229 |      0 |      0 |      0 |   1 |  229.0 |
               +--------+--------+--------+--------+--------+-----+--------+

Top non-repeatable levels by time:
       D: 229 daAuts
